Description

All in See VOD for details

VOD

https://www.youtube.com/watch?v=6eRgOG7L1YE

Replay - 2021-01-08 - (Z)Lambo VS (Z)SortOf

Build Order

Get SALT Encoding   

  12  0:00  Drone  
  13  0:12  Overlord  
  13  0:16  Drone  
  14  0:31  Drone x2  
  16  0:47  Hatchery  
  15  0:50  Drone x2  
  17  0:57  Drone  
  18  1:08  Extractor  
  17  1:12  Spawning Pool  
  17  1:15  Drone x2  
  18  1:28  Drone  
  21  1:59  Queen x2  
  21  2:00  Overlord  
  30  2:26  Extractor  
  29  2:36  Lair, Queen  
  33  2:42  Evolution Chamber  
  34  2:53  Roach Warren  
  35  3:04  Overlord  
  36  3:12  Zerg Missile Weapons Level 1  
  36  3:15  Overlord  
  36  3:22  Queen  
  38  3:28  Overlord  
  40  3:34  Roach x3  
  40  3:35  Glial Reconstitution  
  46  3:41  Roach x3  
  50  3:49  Roach  
  52  3:57  Roach x2  
  56  4:04  Roach  
  70  5:44  Hatchery  
Spawning Tool Build Advisor. Get it on Overwolf

Go to:

Details

  • Created by: Leckatall
  • Published on: Jan 08, 2021
  • Modified on: Jan 08, 2021
  • Patch: 4.11.0
  • Difficulty: Medium
Show
View Real Time Build Order
Export as new Build Order

Comments (2)

On May 4, 2021, 4:18 p.m., pt33rod  said:

@node523: Did you ever played Zerg?

On Feb. 23, 2021, 5:43 p.m., node523  said:

There is an error in the BO, the second Overlord is build at 26 supply not 21.

Create an account to comment!